 Dungeon Crawl Stone Soup version 0.27.0-1-g7a08968 (webtiles) character file.

Game seed: 845919288943566685

312 Host24 the Bolt Thrower (level 6, -4/38 HPs)
             Began as a Kobold Hunter on Jan 25, 2022.
             Slain by a hobgoblin (11 damage)
             ... on level 4 of the Dungeon.
             The game lasted 00:09:20 (4123 turns).

Host24 the Bolt Thrower (Kobold Hunter)             Turns: 4123, Time: 00:09:20

Health: -4/38      AC:  4    Str: 10    XL:     6   Next: 70%
Magic:  6/6        EV: 15    Int: 12    God:
Gold:   207        SH:  0    Dex: 17    Spells: 5/5 levels left

rFire    . . .     SeeInvis .   a - +1 hand crossbow
rCold    . . .     Faith    .   (shield restricted)
rNeg     . . .     Spirit   .   c - +0 leather armour
rPois    .         Reflect  .   n - +0 helmet
rElec    .         Harm     .   (no cloak)
rCorr    .         Rampage  .   (no gloves)
Will     .....                  (no boots)
Stlth    +++.......             (no amulet)
HPRegen  0.12/turn              (no ring)
MPRegen  0.10/turn              (no ring)

@: attractive, hasted, very quick
A: small, no large weapons, nightstalker 3
a: no special abilities


You were on level 4 of the Dungeon.
You visited 1 branch of the dungeon, and saw 4 of its levels.

You collected 207 gold pieces.

Inventory:

Hand Weapons
 a - a +1 hand crossbow (weapon)
 i - a +3 dagger
 o - a +3 short sword of holy wrath
 t - a +0 shortbow
Missiles
 d - 10 bolts (quivered ammo)
 g - 36 arrows
 h - 3 throwing nets
 j - 19 stones
 l - 23 poisoned darts
 p - 24 sling bullets
Armour
 c - a +0 leather armour (worn)
 n - a +0 helmet (worn)
Jewellery
 k - a ring of fire
Wands
 u - a wand of paralysis (12)
Scrolls
 b - 5 scrolls of identify {unknown}
 e - 2 scrolls of magic mapping {unknown}
 f - a scroll of fear {unknown}
 q - 2 scrolls of amnesia {unknown}
 r - 2 scrolls of acquirement {unknown}
 w - a scroll of vulnerability {unknown}
 y - a scroll of blinking {unknown}
Potions
 m - a potion of magic {unknown}
 s - a potion of cancellation {unknown}
 x - a potion of attraction


   Skills:
 - Level 4.1 Fighting
 - Level 4.1 Short Blades
 + Level 6.2 Crossbows
 - Level 3.1 Dodging
 - Level 3.0 Stealth


You had 5 spell levels left.
You didn't know any spells.
Your spell library contained the following spells:

 Spells                   Type           Power      Damage    Failure   Level
 Gell's Gravitas          Tloc           0%         N/A       80%         3
 Lesser Beckoning         Tloc           0%         N/A       80%         3
 Teleport Other           Tloc           0%         N/A       80%         3
 Fireball                 Conj/Fire      0%         3d3       100%        5
 Starburst                Conj/Fire      0%         8x6d3     100%        6
 Ignition                 Fire           0%         3d3       100%        8


Dungeon Overview and Level Annotations

Branches:
Dungeon (4/15)
 Temple: D:4-7

Altars:


Innate Abilities, Weirdness & Mutations

You are small and have problems with some larger weapons.
You are completely attuned to the shadows.


Message History

The hobgoblin closely misses you.
Your +3 short sword of holy wrath softly glows with a divine radiance!
o - a +3 short sword of holy wrath (weapon)
The hobgoblin completely misses you.
You hit the hobgoblin.
The hobgoblin is severely wounded.
The hobgoblin closely misses you.
You hit the hobgoblin.
You kill the hobgoblin!
You hit the hobgoblin.
The hobgoblin is severely wounded.
The hobgoblin hits you with a +0 scythe!
You hit the hobgoblin.
The hobgoblin is almost dead.
The hobgoblin completely misses you.
You closely miss the hobgoblin.
The hobgoblin is almost dead.
The hobgoblin completely misses you.
You closely miss the hobgoblin.
The hobgoblin is severely wounded.
The hobgoblin completely misses you.
You closely miss the hobgoblin.
The hobgoblin is severely wounded.
The hobgoblin hits you with a +0 scythe!
Your +3 short sword of holy wrath stops glowing.
a - a +1 hand crossbow (weapon)
Fire: 11 bolts
Press: ? - help, Q - select action, (/) - cycle Shift-Dir - straight line, f - hobgoblin
Aim: a hobgoblin, wielding a +0 scythe and wearing a +0 robe (severely wounded, 69% to hit)
You shoot a bolt.
The bolt hits the hobgoblin but does no damage.
The hobgoblin is severely wounded.
The hobgoblin hits you with a +0 scythe!
* * * LOW HITPOINT WARNING * * *
It was a potion of attraction.
You feel attractive to monsters.
The hobgoblin hits you but does no damage.
It was a potion of haste.
You feel yourself speed up.
The hobgoblin hits you with a +0 scythe!
You die...

########### ....).....#
..##.#.##.#
..##.#.##.######
...............#
..##.#.##.####.#
..##.#.##.# #.####
..........####.##g##
###########.....@#.## #
########.##..###g# #
#.....##.##.## #g# ## #
#.....##.#.## ##.#..# #
#.....##....###..gg.#
####......#..##.##..#..#
...#......#......#..####
##.#.#.##.##.####.###
#.....##.##.# ###


You could see a hobgoblin.

Vanquished Creatures
  A necrophage (D:3)
  An orc priest (D:3)
  An orc wizard (D:4)
  A hound skeleton (D:4)
  4 gnolls (D:3)
  An adder (D:4)
  4 worms
  2 dart slugs
  7 orcs
  3 bats
  7 endoplasms
  2 giant cockroaches
  5 goblins
  9 hobgoblins
  12 jackals
  4 quokkas
  5 ball pythons
  3 frilled lizards
  7 kobolds
  5 rats
  A bush (D:3)
85 creatures vanquished.

Vanquished Creatures (others)
  4 plants (D:3)
4 creatures vanquished.

Grand Total: 89 creatures vanquished

Notes
Turn   | Place    | Note
-------+----------+-------------------------------------------
     0 | D:1      | Host24 the Kobold Hunter began the quest for the Orb.
     0 | D:1      | Reached XP level 1. HP: 12/12 MP: 1/1
    50 | D:1      | Reached skill level 5 in Crossbows
   342 | D:1      | Reached XP level 2. HP: 17/17 MP: 2/2
   554 | D:1      | Found a faded altar of an unknown god.
   702 | D:1      | Reached XP level 3. HP: 21/21 MP: 3/3
  1287 | D:2      | Reached XP level 4. HP: 28/28 MP: 4/4
  1762 | D:3      | Noticed a necrophage
  1893 | D:3      | Reached XP level 5. HP: 15/33 MP: 5/5
  2424 | D:3      | Reached skill level 1 in Short Blades
  2485 | D:3      | Killed a necrophage
  2486 | D:3      | Reached XP level 6. HP: 28/38 MP: 6/6
  3731 | D:4      | Reached skill level 6 in Crossbows
  3861 | D:4      | Noticed an ogre
  4123 | D:4      | Slain by a hobgoblin

Illustrated notes

Levels and vault maps discovered:
D:1:      minmay_arrival_cross, layout_basic, dreamdust_ecumenical_altar_grove,
          minmay_tromino_i4
D:2:      layout_basic
D:3:      layout_loops_cross, serial_forest, infiniplex_forest_end_1,
          infiniplex_forest_straight_2, infiniplex_forest_lined_room_2,
          infiniplex_forest_pool, infiniplex_forest_clump_tiny,
          infiniplex_forest_zigzag_1, infiniplex_forest_clump_small,
          kennysheep_generic_room_9
D:4:      layout_loops_cross, sigmund_army

Skill      XL: |  1  2  3  4  5  6 |
---------------+-------------------+-----
Crossbows      | 5 6 |  6.2
Dodging        | 3 |  3.1
Stealth        | 2 3 |  3.0
Fighting       | 3 4 |  4.1
Short Blades   | 3 4 |  4.1

Action                   |  1- 3 |  4- 6 || total
-------------------------+-------+-------++-------
Melee: Short sword       |    36 |   254 ||   290
       Dagger            |    74 |       ||    74
 Fire: Hand crossbow     |     8 |    31 ||    39
  Use: Potion            |       |     3 ||     3
 Stab: Sleeping          |     6 |    16 ||    22
       Distracted        |     1 |       ||     1
Armor: Leather armour    |    24 |    20 ||    44
Dodge: Dodged            |    83 |    94 ||   177
